AoeStats
← carlosnour

Black Forest

508817871Analyzed
3v3 RM · 8d ago on Sep 24, 2026· 75m 52s· 6 players
Game mode
Random Map
Map size
Normal (6 player)
Population
200
Speed
Normal
Resources
Standard
Victory
Conquest
Starting age
Dark Age
Ending age
Imperial Age
RankedLock teamsTeams togetherTeam positionsShared explorationLock speedFull tech treeHidden civsTurbo modeCheats
Victory
Defeat
🇹🇼 Byzantines · Taiwan
888
+9
🇮🇳 Vietnamese · India
842
+11
🇪🇸 Spanish · Spain
328
+29
🇩🇪 Lithuanians · Germany
869
-22
🇸🇮 Turks · Slovenia
665
-15
🇵🇪 Britons · Peru
581
-12
lycandros
20:10 Feudal Age
20:47 Double-Bit Axe
24:50 Man-at-Arms
31:06 Arson
46:39 Castle Age
48:43 Crossbowman
48:54 Elite Skirmisher
Neuronians
0:26 Loom
13:49 Feudal Age
15:07 Wheelbarrow
14:22 Horse Collar
16:40 Double-Bit Axe
20:28 Castle Age
21:35 Hand Cart
21:26 Heavy Plow
29:47 Bow Saw
30:58 Forging
31:13 Town Watch
32:13 Bloodlines
31:57 Fletching
32:46 Treadmill Crane
33:57 Masonry
34:08 Ballistics
34:45 Scale Barding Armor
35:00 Husbandry
38:53 Chain Barding Armor
39:09 Iron Casting
39:45 Fortified Wall
39:34 Bodkin Arrow
43:20 Imperial Age
41:36 Murder Holes
42:37 Padded Archer Armor
43:08 Caravan
44:43 Conscription
45:01 Plate Barding Armor
44:27 Bracer
45:35 Two-Man Saw
44:29 Elite Leitis
44:38 Elite Skirmisher
46:06 Crop Rotation
46:00 Leather Archer Armor
47:54 Chemistry
47:26 Architecture
47:12 Town Patrol
48:04 Tower Shields
49:53 Ring Archer Armor
55:06 Devotion
66:25 Onager
zupanzazi
0:31 Loom
14:23 Feudal Age
15:46 Wheelbarrow
15:17 Horse Collar
15:27 Double-Bit Axe
15:34 Town Watch
18:48 Gold Mining
27:38 Castle Age
25:03 Man-at-Arms
25:29 Arson
36:46 Squires
38:51 Forging
38:42 Scale Mail Armor
40:21 Hand Cart
40:07 Town Patrol
40:46 Iron Casting
41:38 Bloodlines
41:28 Husbandry
40:53 Long Swordsman
43:04 Chain Mail Armor
42:55 Scale Barding Armor
42:41 Fletching
42:52 Padded Archer Armor
50:50 Imperial Age
48:30 Bodkin Arrow
48:56 Chain Barding Armor
49:06 Leather Archer Armor
50:41 Gold Shaft Mining
49:58 Stone Mining
50:37 Ballistics
49:59 Treadmill Crane
50:29 Masonry
50:15 Murder Holes
50:46 Heavy Plow
50:59 Bow Saw
52:20 Conscription
52:06 Artillery
52:31 Sipahi
52:39 Bracer
53:40 Blast Furnace
53:16 Plate Barding Armor
54:32 Two-Handed Swordsman
57:16 Champion
58:36 Plate Mail Armor
carlosnour
7:49 Loom
12:23 Feudal Age
12:39 Man-at-Arms
15:09 Double-Bit Axe
16:59 Horse Collar
22:34 Castle Age
24:38 Stone Mining
25:07 Heavy Plow
24:32 Long Swordsman
25:45 Husbandry
25:57 Bloodlines
27:41 Stone Shaft Mining
28:45 Bow Saw
33:14 Gold Mining
34:28 Ballistics
37:01 Imperial Age
35:11 Squires
38:54 Chemistry
38:42 Forging
39:17 Conscription
40:14 Wheelbarrow
40:57 Elite Conquistador
42:16 Hand Cart
42:21 Two-Handed Swordsman
44:11 Scale Mail Armor
45:11 Inquisition
47:53 Two-Man Saw
48:16 Scale Barding Armor
48:30 Chain Mail Armor
48:58 Iron Casting
50:59 Fervor
51:12 Sanctity
51:18 Chain Barding Armor
52:42 Blast Furnace
51:17 Champion
51:59 Cavalier
59:36 Plate Barding Armor
61:31 Plate Mail Armor
iantsai1114
13:10 Feudal Age
13:39 Loom
14:01 Double-Bit Axe
18:21 Castle Age
18:56 Fishing Lines
19:39 Bow Saw
19:42 Horse Collar
22:29 Gillnets
23:36 Gold Mining
25:31 Wheelbarrow
25:40 Heavy Plow
29:02 Fletching
29:34 Hand Cart
30:02 Ballistics
33:16 Imperial Age
31:21 Stone Mining
31:53 Scale Barding Armor
31:59 Forging
33:18 Chain Barding Armor
35:09 Chemistry
34:26 Husbandry
35:27 Iron Casting
36:03 Plate Barding Armor
35:11 Capped Ram
36:16 Conscription
38:20 Cavalier
39:27 Elite Cataphract
40:53 Pikeman
43:16 Squires
44:52 Two-Man Saw
44:29 Stone Shaft Mining
44:30 Gold Shaft Mining
44:26 Crop Rotation
44:08 Halberdier
48:53 Light Cavalry
50:51 Onager
52:45 Logistica
52:36 Arrowslits
53:13 Bombard Tower
53:35 Scale Mail Armor
55:41 Chain Mail Armor
59:53 Caravan
60:21 Hussar
63:16 Plate Mail Armor
dragoleopold
0:44 Loom
19:41 Feudal Age
26:28 Castle Age
25:16 Double-Bit Axe
25:13 Horse Collar
28:12 Fletching
32:13 Elite Skirmisher
41:52 Imperial Age
40:42 Forging
40:27 Bodkin Arrow
41:39 Heavy Plow
42:01 Bow Saw
45:11 Two-Man Saw
45:23 Bracer
45:58 Iron Casting
45:49 Ballistics
46:29 Wheelbarrow
46:16 Padded Archer Armor
46:19 Scale Mail Armor
46:48 Pikeman
47:30 Squires
47:58 Fortified Wall
47:19 Elite Fire Lancer
48:42 Hand Cart
49:55 Leather Archer Armor
49:56 Chain Mail Armor
50:09 Paper Money
54:21 Imperial Skirmisher
59:01 Ring Archer Armor
Connection lost

Rejoining the realm…

Still unreachable

The connection could not be restored.

Session expired

The server has moved on; the page needs a fresh start.